 Dungeon Crawl Stone Soup version 0.31-a0-358-gac0dbeb3ab (webtiles) character file.

Game seed: 2091612106726369430

473 hashsling the Magician (level 6, 0/37 HPs)
             Began as a Deep Elf Hedge Wizard on July 25, 2023.
             Slain by a wyvern (1 damage)
             ... on level 5 of the Dungeon.
             The game lasted 00:15:49 (5298 turns).

hashsling the Magician (Deep Elf Hedge Wizard)      Turns: 5298, Time: 00:15:50

Health: 0/37       AC:  4    Str:  7    XL:     6   Next: 84%
Magic:  13/15      EV: 13    Int: 21    God:
Gold:   146        SH:  0    Dex: 14    Spells: 10/15 levels left

rFire   . . .        A - +6 dagger "Grim" {drain, Stlth+}
rCold   + . .        (no shield)
rNeg    . . .        b - +0 robe
rPois   .            c - +0 hat
rElec   .            n - +0 cloak
rCorr   .            q - +0 pair of gloves
SInv    .            (no boots)
Will    .....        (no amulet)
Stlth   +++          r - ring of protection from cold
HPRegen 0.26/turn    (no ring)
MPRegen 0.14/turn

%: no passive effects
@: on blink cooldown, very slightly contaminated
A: no striking features
a: no special abilities


You were on level 5 of the Dungeon.
You visited 2 branches of the dungeon, and saw 7 of its levels.
You also visited: Ossuary.

You collected 146 gold pieces.

Inventory:

Hand Weapons
 l - a +1 short sword of protection
 A - the +6 dagger "Grim" (weapon) {drain, Stlth+}
   (You found it on level 4 of the Dungeon)

   Stlth:     It makes you more stealthy.
 B - a +0 quarterstaff
Missiles
 F - 2 datura-tipped darts
Armour
 b - a +0 robe (worn)
 c - a +0 hat (worn)
 n - a +0 cloak (worn)
 q - a +0 pair of gloves (worn)
Magical Staves
 E - a staff of air
 H - a staff of cold
Jewellery
 r - a ring of protection from cold (left hand)
Wands
 D - a wand of digging (6)
Scrolls
 e - 3 scrolls of fog {unknown}
 f - 3 scrolls of enchant armour {unknown}
 g - a scroll of fear {unknown}
 h - a scroll of blinking {unknown}
 i - a scroll of poison {unknown}
 j - a scroll of vulnerability {unknown}
 k - 8 scrolls of identify {unknown}
 m - 3 scrolls of teleportation {unknown}
 v - 2 scrolls of revelation {unknown}
 w - a scroll of immolation {unknown}
 x - a scroll of amnesia {unknown}
Potions
 a - a potion of berserk rage {unknown}
 o - 3 potions of haste {unknown}
 p - 2 potions of curing {unknown}
 s - a potion of mutation {unknown}
 t - a potion of brilliance {unknown}
 u - 2 potions of resistance {unknown}
 z - a potion of attraction {unknown}
 C - a potion of heal wounds {unknown}
 G - a potion of enlightenment {unknown}


   Skills:
 * Level 3.2 Fighting
 * Level 2.1 Short Blades
 - Level 3.0 Dodging
 - Level 2.4 Stealth
 - Level 5.0 Spellcasting
 - Level 5.0 Conjurations
 - Level 1.1 Summonings
 + Level 1.6 Translocations


You had 10 spell levels left.
You knew the following spells:

 Your Spells              Type           Power      Damage    Failure   Level
a - Magic Dart            Conj           100%       1d8       1%          1
b - Blink                 Tloc           24%        N/A       9%          2
c - Call Imp              Summ           18%        N/A       11%         2

Your spell library contained the following spells:

 Spells                   Type           Power      Damage    Failure   Level
 Slow                     Hex            20%        N/A       11%         1
 Cigotuvi's Dreadful Rot  Necr/Pois/Air  10%        N/A       16%         2
 Mephitic Cloud           Conj/Pois/Air  12%        N/A       16%         3


Dungeon Overview and Level Annotations

Branches:
Dungeon (6/15)             Temple (1/1) D:4         Ossuary (visited)

Altars:
Ashenzari
Cheibriados
Fedhas
Hepliaklqana
Kikubaaqudgha
Makhleb
Okawaru
Qazlal
Ru
Trog
Uskayaw
Wu Jian
Xom
Zin

Shops:
D:3 [=


Message History

The wyvern closely misses something.
Aiming: Magic Dart (safe; 1% risk of failure)
Press: ? - help, Q - select action, (/) - cycle Shift-Dir - straight line, f/p - wyvern
Aim: a wyvern (translocational energy, wandering, blind, hasn't noticed you, 100% to hit)
The magic dart hits the wyvern.
The wyvern is lightly wounded.
The wyvern bites something!!
Aiming: Magic Dart (safe; 1% risk of failure)
Press: ? - help, Q - select action, (/) - cycle Shift-Dir - straight line, f/p - wyvern
Aim: a wyvern (lightly wounded, wandering, blind, hasn't noticed you, 100% to hit)
The magic dart hits the wyvern.
The wyvern is moderately wounded.
Aiming: Magic Dart (safe; 1% risk of failure)
Press: ? - help, Q - select action, (/) - cycle Shift-Dir - straight line, f/p - wyvern
Aim: a wyvern (moderately wounded, wandering, blind, hasn't noticed you, 100% to hit)
The magic dart hits the wyvern but does no damage.
The wyvern is moderately wounded.
You feel stable enough to blink again.
Aiming: Magic Dart (safe; 1% risk of failure)
Press: ? - help, Q - select action, (/) - cycle Shift-Dir - straight line, f/p - wyvern
Aim: a wyvern (moderately wounded, wandering, blind, hasn't noticed you, 100% to hit)
The magic dart hits the wyvern.
The wyvern is moderately wounded.
The wyvern hisses angrily.
The wyvern is no longer blind.
Casting: Magic Dart (safe; 1% risk of failure)
Confirm with . or Enter, or press ? or * to list all spells.
You blink.
Casting: Blink (safe; 9% risk of failure)
Confirm with . or Enter, or press ? or * to list all spells.
You miscast Call Imp.
You are very lightly contaminated with residual magic.
Nothing appears to happen.
Magic courses through your body. The wyvern bites you!
* * * LOW HITPOINT WARNING * * *
Casting: Call Imp (safe; 11% risk of failure)
Confirm with . or Enter, or press ? or * to list all spells.
A tiny devil pulls itself out of the air.
The wyvern bites you.
You die...

##############
.............###################
...#.####.##.##5@..............#
.#.#.# ##.##.##l##############.#
.#.#.# #......#.# #########.#
.#.#.###..##..#.# #.......#.#
......##..##..#.######.......#.#
....................##.......#.#
.#..............###....(.....#.#
.####.########.## ####.......#.#
..# #.# ####.#### #.......#.#


You could see a wyvern (ally target) and a friendly cerulean imp (summoned).

Vanquished Creatures
  A black bear (D:6)
  A scorpion (D:5)
  A hound (D:5)
  2 jellies
  Jessica (D:2)
  A mummy (Ossuary)
  A gnoll (D:6)
  5 adders
  A dart slug (D:1)
  8 orcs
  5 spectral bats (Ossuary)
  9 ball pythons
  2 bat simulacra (Ossuary)
  4 endoplasms
  3 giant cockroaches
  11 gnoll zombies (Ossuary)
  6 goblins
  2 hobgoblins
  9 jackals
  6 quokkas
  2 bats
  2 frilled lizards
  2 goblin simulacra (Ossuary)
  3 goblin zombies (Ossuary)
  2 hobgoblin zombies (Ossuary)
  7 kobolds
  A kobold simulacrum (Ossuary)
  6 kobold zombies (Ossuary)
  7 orc zombies (Ossuary)
  3 rats
  4 rat simulacra (Ossuary)
  3 spectral goblins (Ossuary)
  A spectral kobold (Ossuary)
  2 spectral rats (Ossuary)
124 creatures vanquished.

Vanquished Creatures (collateral kills)
  2 spectral bats (Ossuary)
  A gnoll zombie (Ossuary)
  2 goblin simulacra (Ossuary)
  A kobold simulacrum (Ossuary)
  2 rat simulacra (Ossuary)
  A spectral kobold (Ossuary)
  A spectral rat (Ossuary)
10 creatures vanquished.

Grand Total: 134 creatures vanquished

Notes
Turn   | Place    | Note
-------+----------+-------------------------------------------
     0 | D:1      | hashsling the Deep Elf Hedge Wizard began the quest for the
                  | Orb.
     0 | D:1      | Reached XP level 1. HP: 10/10 MP: 7/7
   277 | D:1      | Reached XP level 2. HP: 15/15 MP: 1/9
  1024 | D:1      | Reached XP level 3. HP: 19/19 MP: 9/11
  1027 | D:1      | Learned a level 2 spell: Blink
  1030 | D:1      | Learned a level 2 spell: Call Imp
  1098 | D:2      | Reached skill level 5 in Spellcasting
  1733 | D:2      | Noticed Jessica
  1736 | D:2      | Killed Jessica
  1737 | D:2      | Reached XP level 4. HP: 24/24 MP: 9/13
  2209 | D:3      | Found Xutell's One-of-a-Kind Rings.
  2429 | D:3      | Found Esuwourch's Armour Emporium.
  2439 | D:3      | You fall into a shaft and drop 2 floors!
  2439 | D:5      | Entered Level 5 of the Dungeon
  2439 | D:5      | Found a bloodstained altar of Trog.
  2441 | D:5      | Found a sand-covered staircase.
  2451 | Ossuary  | Entered an ossuary
  3128 | Ossuary  | Reached XP level 5. HP: 28/28 MP: 9/14
  3359 | D:5      | Reached skill level 1 in Fighting
  3359 | D:5      | Reached skill level 5 in Conjurations
  3547 | D:5      | Reached skill level 1 in Short Blades
  3547 | D:5      | Reached XP level 6. HP: 13/35 MP: 4/15
  3802 | D:4      | Found a staircase to the Ecumenical Temple.
  3809 | Temple   | Entered the Ecumenical Temple
  4031 | D:4      | Identified the +6 dagger "Grim" {drain, Stlth+}
  4051 | D:4      | Found a stormy altar of Qazlal.
  5042 | D:5      | Found an ancient bone altar of Kikubaaqudgha.
  5042 | D:5      | Found a blossoming altar of Fedhas.
  5272 | D:6      | Noticed a wyvern
  5297 | D:5      | HP: 1/37 [wyvern (9)]
  5298 | D:5      | Slain by a wyvern

Illustrated notes

Levels and vault maps discovered:
D:1:      amcnicky_arrival_double_pillar, layout_loops_cross
D:2:      layout_basic, uniq_jessica
D:3:      layout_basic, serial_shops, shop, nicolae_shop_unique_rings,
          st_stairs_6, chequers_serial_rivers_marsh, kennysheep_nub,
          chequers_jeans, small_statue_intersection, minmay_puff
D:4:      layout_rooms, mainiacjoe_overflow_alcove_1,
          minmay_temple_entry_mini_moons, chequers_serial_rivers_large_b
D:5:      layout_loops_ring, grunt_temple_overflow_growth_and_decay,
          trog_butcher_becter, enter_ossuary_1
D:6:      layout_rooms, vehumet_statue, grunt_gozag_statues,
          minmay_misc_feat_enclosed, uniq_eustachio
Temple:   zaba_magenta_temple

Skill      XL: |  1  2  3  4  5  6 |
---------------+-------------------+-----
Conjurations   | 2 4 5 |  5.0
Spellcasting   | 5 |  5.0
Dodging        | 3 |  3.0
Fighting       | 2 3 |  3.2
Short Blades   | 1 2 |  2.1
Stealth        | |  2.4
Summonings     | |  1.1
Translocations | |  1.6

Action                     |  1- 3 |  4- 6 || total
---------------------------+-------+-------++-------
  Melee: Dagger            |     6 |     2 ||     8
         Short sword       |       |    89 ||    89
         Punch             |       |     2 ||     2
  Throw: Dart              |       |     3 ||     3
   Cast: Magic Dart        |    82 |   190 ||   272
         Call Imp          |       |     9 ||     9
         Blink             |       |     5 ||     5
    Use: Potion            |       |     1 ||     1
   Stab: Distracted        |       |     1 ||     1
 Armour: Robe              |     2 |    38 ||    40
  Dodge: Dodged            |    10 |    92 ||   102

Table legend: (Time is in decaauts)
 A = Elapsed time spent in this place.
 B = Non-inter-level travel time spent in this place.
 C = Inter-level travel time spent in this place.
 D = Time resting spent in this place.
 E = Time spent auto-exploring this place.
 F = Levels seen in this place.
 G = Mean time per level.
                   A        B        C        D        E       F      G
               +--------+--------+--------+--------+--------+-----+--------+
         Total |   5323 |   5214 |    109 |      0 |   4506 |   8 |  665.4 |
       Dungeon |   4438 |   4329 |    109 |      0 |   3856 |   6 |  739.7 |
        Temple |      1 |      1 |      0 |      0 |      0 |   1 |    1.0 |
       Ossuary |    883 |    883 |      0 |      0 |    650 |   1 |  883.0 |
               +--------+--------+--------+--------+--------+-----+--------+

Top non-repeatable levels by time:
     D:2: 1101 daAuts
     D:1: 1075 daAuts
     D:5: 1032 daAuts
 Ossuary: 883 daAuts
     D:4: 836 daAuts
     D:3: 262 daAuts
     D:6: 130 daAuts
  Temple: 1 daAuts
